 Dungeon Crawl Stone Soup version 0.26.1-2-gb8aa6d0cf2 (webtiles) character file.

Game seed: 18381825394119212556

64 Hudbad the Magician (level 3, -13/19 HPs)
             Began as a Deep Elf Fire Elementalist on Feb 27, 2021.
             Mangled by an orc warrior
             ... wielding a +0 glaive
              (32 damage)
             ... on level 3 of the Dungeon.
             The game lasted 00:05:21 (2160 turns).

Hudbad the Magician (Deep Elf Fire Elementalist)    Turns: 2160, Time: 00:05:21

Health: -13/19     AC:  2    Str:  5    XL:     3   Next: 91%
Magic:  1/10       EV: 13    Int: 20    God:
Gold:   102        SH:  0    Dex: 15    Spells: 9/10 levels left

rFire    . . .     SeeInvis .   (no weapon)
rCold    . . .     Faith    .   (no shield)
rNeg     . . .     Spirit   .   a - +0 robe
rPois    .         Reflect  .   (no helmet)
rElec    .         Harm     .   (no cloak)
rCorr    .         Rampage  .   (no gloves)
Will     .....                  (no boots)
Stlth    ++........             (no amulet)
HPRegen  0.06/turn              (no ring)
MPRegen  0.12/turn              (no ring)

@: no status effects
A: no striking features
a: no special abilities


You were on level 3 of the Dungeon.
You visited 1 branch of the dungeon, and saw 3 of its levels.

You collected 102 gold pieces.

Inventory:

Armour
 a - a +0 robe (worn)
Scrolls
 c - 2 scrolls of teleportation {unknown}
 d - 2 scrolls of blinking {unknown}
 f - a scroll of immolation {unknown}
 g - a scroll of enchant weapon {unknown}
 h - a scroll of enchant armour {unknown}
 j - a scroll of noise {unknown}
Potions
 b - 2 potions of curing {unknown}
 e - a potion of mutation {unknown}
 i - 2 potions of brilliance {unknown}
 k - a potion of attraction {unknown}


   Skills:
 - Level 2.8 Dodging
 - Level 2.6 Stealth
 * Level 4.1 Spellcasting
 * Level 2.0 Conjurations
 * Level 4.1 Fire Magic


You had 9 spell levels left.
You knew the following spells:

 Your Spells              Type           Power        Failure   Level
a - Foxfire               Conj/Fire      64%          3%          1

Your spell library contained the following spells:

 Spells                   Type           Power        Failure   Level
 Conjure Flame            Conj/Fire      16%          11%         3
 Inner Flame              Hex/Fire       12%          16%         3
 Sticky Flame             Conj/Fire      16%          34%         4
 Fireball                 Conj/Fire      8%           69%         5


Dungeon Overview and Level Annotations

Branches:
Dungeon (3/15)

Altars:
Dithmenos


Message History

An orc comes into view. It is wielding a +0 dagger.
Casting: Foxfire (safe; 3% risk of failure)
Confirm with . or Enter, or press ? or * to list all spells.
You conjure some foxfire!
The orc shouts!
The foxfire hits the orc warrior but does no damage.
The orc warrior is heavily wounded.
The foxfire hits the orc warrior but does no damage.
The orc warrior is heavily wounded.
The orc warrior misses you.
Casting: Foxfire (safe; 3% risk of failure)
Confirm with . or Enter, or press ? or * to list all spells.
You conjure some foxfire!
The foxfire hits the orc warrior but does no damage.
The orc warrior is heavily wounded.
The foxfire hits the orc warrior.
The orc warrior is severely wounded.
The orc warrior hits you from afar with a +0 glaive!!
Ouch! That really hurt!
You die...

#.#.†.....#..
#............
####...<<...#
.....)......#
###...†....#
##.......#
#.......#
#.v.o...#.
.#####§@.ohho...
...w..v§.o.###..
.#####.###.# .##
#. .# # #. ## #.
##


You could see an orc warrior, a dart slug, 3 orcs and 2 jackals.

Vanquished Creatures
  2 adders (D:2)
  2 worms (D:2)
  A dart slug (D:1)
  A leopard gecko (D:2)
  A ball python (D:2)
  2 giant cockroaches
  3 goblins (D:2)
  6 hobgoblins
  5 kobolds
  5 bats
  4 frilled lizards
  6 rats
38 creatures vanquished.

Vanquished Creatures (others)
  151 foxfires
151 creatures vanquished.

Grand Total: 189 creatures vanquished

Notes
Turn   | Place    | Note
-------+----------+-------------------------------------------
     0 | D:1      | Hudbad the Deep Elf Fire Elementalist began the quest for
                  | the Orb.
     0 | D:1      | Reached XP level 1. HP: 10/10 MP: 6/6
   316 | D:1      | Reached XP level 2. HP: 15/15 MP: 5/8
  1323 | D:2      | Found a shadowy altar of Dithmenos.
  1350 | D:2      | Reached XP level 3. HP: 18/19 MP: 6/9
  2150 | D:3      | Noticed an orc warrior
  2160 | D:3      | Mangled by an orc warrior

Illustrated notes

Levels and vault maps discovered:
D:1:      dpeg_arrival_more_subterranean_lakeside_camping, layout_basic,
          minmay_stone_trees_medium, minmay_pentomino_w2
D:2:      layout_rooms, general_overflow_altar, glass_columns_b
D:3:      minmay_skewed_foursquare, layout_loops_ring, uniq_natasha

Skill      XL: |  1  2  3 |
---------------+----------+-----
Fire Magic     | 4 |  4.1
Spellcasting   | 4 |  4.1
Conjurations   | 2 |  2.0
Dodging        | |  2.8
Stealth        | |  2.6

Action                   || total
-------------------------++-------
Melee: Unarmed           ||     4
 Cast: Foxfire           ||    89
Armor: Robe              ||     6
Dodge: Dodged            ||    10
